 Dungeon Crawl Stone Soup version 0.13-a0-2527-g93fcdc4 (webtiles) character file.

456 TheBigBadPanda the Shield-Bearer (level 6, 21/48 HPs)
             Began as a Demonspawn Fighter on July 25, 2013.
             Starved to death
             ... on Level 5 of the Dungeon.
             The game lasted 00:30:10 (3763 turns).

TheBigBadPanda the Shield-Bearer (DsFi)             Turns: 3763, Time: 00:30:10

HP  21/48        AC 14     Str 19      XL: 6   Next: 21%
MP   5/5         EV  5     Int  9      God:
Gold 137         SH 19     Dex 12      Spells:  0 memorised,  5 levels left

Res.Fire  : . . .   See Invis. : .   e - +0,+2 short sword
Res.Cold  : . . .   Warding    : .   o - +0 chain mail
Life Prot.: . . .   Conserve   : .   c - +0 shield
Res.Poison: .       Res.Corr.  : .   (no helmet)
Res.Elec. : .       Clarity    : .   (no cloak)
Sust.Abil.: . .     Spirit.Shd : .   (no gloves)
Res.Mut.  : .       Stasis     : .   h - +2 pair of boots
Res.Rott. : .       Flight     : .   (no amulet)
Saprovore : . . .                    (no ring)
                                     (no ring)

@: slightly resistant to hostile enchantments, extremely unstealthy
A: AC +2
a: no special abilities


You were on level 5 of the Dungeon.
You were starving.

You visited 1 branch of the dungeon, and saw 5 of its levels.

You collected 275 gold pieces.
You spent 158 gold pieces at shops.

Inventory:

Hand weapons
 a - a +0,+0 falchion
 b - a +0,+0 war axe
 e - a +0,+2 short sword (weapon)
 f - a -1,+1 orcish hand axe
 g - a +0,+0 short sword
 i - a +0,+0 spear (quivered)
 j - a -1,+0 orcish falchion
Armour
 c - a +0 shield (worn)
 h - a +2 pair of boots (worn)
 o - a +0 chain mail (worn)
Comestibles
 p - a bread ration
 s - 2 meat rations
Scrolls
 m - 2 scrolls of remove curse {unknown}
 t - 2 scrolls of teleportation
Potions
 d - a potion of restore abilities
 k - a potion of curing
 l - a potion of slowing {unknown}
 u - a potion of might
Books
 q - a book of Ice

   Spells                             Type                      Level
   Freezing Aura                      Charms/Ice                   2
   Ensorcelled Hibernation            Hexes/Ice                    2
   Ozocubu's Refrigeration            Ice                          6
   Bolt of Cold                       Conjuration/Ice              6
   Freezing Cloud                     Conjuration/Ice/Air          6
   Metabolic Englaciation             Hexes/Ice                    6
   Simulacrum                         Ice/Necromancy               6
 r - a Grand Grimoire {highlevel}

   This book is beyond your current level of understanding.

   Spells                             Type                      Level
   Demonic Horde                      Summoning                    6
   Mass Abjuration                    Summoning                    6
   Haunt                              Necromancy/Summoning         7
   Summon Greater Demon               Summoning                    7
   Malign Gateway                     Summoning/Translocation      7
   Summon Horrible Things             Summoning                    8


   Skills:
 + Level 3.3 Fighting
 + Level 2.1 Short Blades
 + Level 1.9 Long Blades
 + Level 3.9 Armour
 + Level 2.4 Dodging
 + Level 0.2 Stealth
 + Level 4.2 Shields


You had 5 spell levels left.
You didn't know any spells.

Dungeon Overview and Level Annotations

Branches:
Dungeon (5/27)
 Temple: D:4-7

Altars:
Fedhas
Sif Muna
Zin

Shops:
D:5: [


Innate Abilities, Weirdness & Mutations

You are partially covered in slimy green scales (AC +2).


Message History

The big fish is moderately wounded.
The big fish barely misses you.
The big fish bites you but does no damage.
You hit the big fish.
The big fish is moderately wounded.
You block the big fish's attack.
You hit the big fish but do no damage.
The big fish is moderately wounded.
The big fish bites you.
The big fish bites you but does no damage.
You closely miss the big fish.
The big fish is moderately wounded.
You block the big fish's attack. The big fish bites you.
The big fish bites you but does no damage.
You hit the big fish.
The big fish is moderately wounded.
The big fish bites you but does no damage.
The big fish bites you. You block the big fish's attack.
You have starved to death.
You die...

*,,,,,,**,,*,,,P,P,,,#.##..#,,,,,
,,*,,*,,,,,,..PP#f♣P##.##..######
**,,,,,,≈≈,≈≈....♣f♣P#.#.....<..#
,,,**,,≈≈≈.≈≈≈..fPPPP#.#......#.#
,,,,,,≈≈≈≈%≈≈≈≈..fPf♣#<...<......
,,,,,≈≈≈≈≈.≈≈≈≈≈.PPfP#.#....###.#
*,,,,≈≈≈≈...≈≈≈≈.f♣P♣#.....)....#
,,*,.≈≈≈≈._.≈≈≈≈.PPPf#.#.......%.
,,,f.≈≈≈≈...≈≈≈;@f♣♣♣#.#.........
*,f..≈≈≈≈≈≈≈≈≈≈;.P#..#.####......
,,♣♣..≈≈≈≈≈≈≈≈≈..ffP##.# #......
,*#P...≈≈≈≈≈≈≈...P..f#.# #......
*PPP.♣..≈≈≈≈≈.....♣P.#.# #......
**f♣##........P#fPP#f#%## #......
,P♣PPP#.♣#.##♣♣.P♣PPP#..# #......
,,♣P..f♣.#.#P#PP.PPP##..# #......
***###*###.###########..# #......


You could see 2 big fish.

Vanquished Creatures
  An orc priest (D:3)
  A giant frog zombie (D:5)
  A hound (D:5)
  2 worker ants (D:4)
  7 adders
  2 gnolls (D:4)
  A giant mite (D:3)
  3 worms
  An adder skeleton (D:4)
  A giant eyeball (D:5)
  A giant gecko (D:2)
  5 orcs
  12 bats
  4 giant cockroaches
  8 goblins
  7 hobgoblins
  2 ball pythons
  4 giant newts
  7 kobolds
  An orc skeleton (D:4)
  3 quokkas
  7 rats
81 creatures vanquished.

Notes
Turn   | Place    | Note
--------------------------------------------------------------
     0 | D:1      | TheBigBadPanda, the Demonspawn Fighter, began the quest for the Orb.
     0 | D:1      | Reached XP level 1. HP: 18/18 MP: 0/0
   287 | D:1      | Gained mutation: You are partially covered in slimy green scales (AC +2). [demonic ancestry]
   287 | D:1      | Reached XP level 2. HP: 10/24 MP: 1/1
   643 | D:2      | Reached XP level 3. HP: 30/30 MP: 2/2
  1076 | D:2      | Reached skill level 1 in Dodging
  1217 | D:2      | Reached XP level 4. HP: 27/36 MP: 3/3
  1566 | D:2      | Found a glowing silver altar of Zin.
  1857 | D:3      | Reached skill level 1 in Short Blades
  1938 | D:3      | Found a deep blue altar of Sif Muna.
  2063 | D:3      | Reached XP level 5. HP: 15/42 MP: 4/4
  2939 | D:4      | Reached skill level 4 in Shields
  3437 | D:5      | Entered Level 5 of the Dungeon
  3439 | D:5      | Found Veen Aki's Armour Shoppe.
  3479 | D:5      | Bought a +2 pair of boots for 158 gold pieces
  3544 | D:5      | Reached XP level 6. HP: 28/48 MP: 5/5
  3603 | D:5      | Paralysed by a giant eyeball for 4 turns
  3613 | D:5      | Paralysed by a giant eyeball for 2 turns
  3616 | D:5      | Paralysed by a giant eyeball for 3 turns
  3620 | D:5      | Paralysed by a giant eyeball for 3 turns
  3727 | D:5      | Found a blossoming altar of Fedhas.
  3763 | D:5      | Starved to death

Action                   |  1- 3 |  4- 6 || total
-------------------------+-------+-------++-------
Melee: Short sword       |   144 |   304 ||   448
       Falchion          |    10 |       ||    10
  Use: Scroll            |     6 |     4 ||    10
       Potion            |       |     8 ||     8
